 Dungeon Crawl Stone Soup version 0.21-a0-104-g7b58145 (webtiles) character file.

58 meatball the Ducker (level 3, -4/17 HPs)
             Began as a Felid Berserker on July 6, 2017.
             Was a Believer of Trog.
             Killed by nerve-wracking pain
             ... invoked by a shadow imp
              (14 damage)
             ... on level 3 of the Dungeon.
             The game lasted 00:07:47 (2453 turns).

meatball the Ducker (Felid Berserker)               Turns: 2453, Time: 00:07:48

Health: -4/17      AC:  1    Str: 13    XL:     3   Next: 76%
Magic:  4/4        EV: 20    Int:  8    God:    Trog [**....]
Gold:   113        SH:  0    Dex: 16    Spells: 2/2 levels left
                                        Lives:  0   Deaths: 0

rFire    . . .     SeeInvis +     - Unarmed
rCold    . . .     Gourm    .   (shield unavailable)
rNeg     . . .     Faith    .   (armour unavailable)
rPois    .         Spirit   .   (helmet unavailable)
rElec    .         Reflect  .   (cloak unavailable)
rCorr    .         Harm     .   (gloves unavailable)
MR       .....                  (boots unavailable)
Stlth    +++.......             (no amulet)
HPRegen  0.05/turn              (no ring)
MPRegen  0.09/turn              (no ring)

@: quick
A: no armour, no weapons or thrown items, stealth, claws 1, fangs 3, see
invisible, carnivore 3, speed 1, shaggy fur 1, slow metabolism 1, sharp paws
a: Berserk, Trog's Hand, Burn Spellbooks, Renounce Religion


You were on level 3 of the Dungeon.
You worshipped Trog.
Trog was pleased with you.
You were completely stuffed.

You visited 1 branch of the dungeon, and saw 3 of its levels.

You collected 113 gold pieces.

Inventory:

Scrolls
 c - a scroll of identify {unknown}
 d - a scroll of fog {unknown}
 e - a scroll of magic mapping {unknown}
 f - a scroll of remove curse {unknown}
 g - a scroll of blinking {unknown}
 j - a scroll of noise {unknown}
Potions
 h - a potion of brilliance {unknown}
 k - a potion of haste {unknown}
 l - a potion of agility {unknown}
Comestibles
 a - 2 meat rations
 b - 2 royal jellies


   Skills:
 + Level 3.5 Fighting
 + Level 4.5 Dodging
 + Level 2.3 Stealth
 + Level 3.5 Unarmed Combat


You had 2 spell levels left.
You didn't know any spells.

Dungeon Overview and Level Annotations

Branches:
Dungeon (3/15)

Altars:
Vehumet


Innate Abilities, Weirdness & Mutations

You cannot wear armour.
You are incapable of wielding weapons or throwing items.
Your paws allow you to move quietly. (Stealth)
You have sharp claws.
You have razor-sharp teeth.
You have supernaturally acute eyesight. (SInv)
You are carnivorous and can eat meat at any time.
You cover ground quickly.
You are covered in fur. (AC +1)
You have a slow metabolism.
Your sharp claws are effective at attacking unaware monsters.


Message History

Found an escape hatch in the ceiling.
There is a stone staircase leading up here.
You climb upwards.
There is a stone staircase leading down here.
You start waiting.
Done waiting.
You start waiting.
Some of the chunks of flesh in your inventory have rotted away.
All of the chunks of flesh in your inventory have rotted away.
Done waiting.
There is a stone staircase leading down here.
You climb downwards. 2 skeletons come into view.
The shadow imp gestures at you. Pain shoots through your body!
There is a stone staircase leading up here.
The shadow imp gestures at you. Pain shoots through your body!
Ouch! That really hurt!
You die...

#############
#.....#.....##
.............##
......<.@.....#
............).#
..............#
........Z5....#
........r.Z...#
..............#
..)......§§§§##
#.....#.P§§§§#


You could see a shadow imp, a rat, a quokka skeleton (wandering) and a hound
skeleton.

Vanquished Creatures
  A gnoll (D:1)
  2 oozes
  A worm (D:2)
  2 dart slugs (D:1)
  5 goblins
  3 hobgoblins
  2 jackals (D:1)
  5 kobolds
  A quokka (D:2)
  5 bats
  A frilled lizard (D:1)
  9 rats
  A plant (D:1)
38 creatures vanquished.

Notes
Turn   | Place    | Note
-------+----------+-------------------------------------------
     0 | D:1      | meatball the Felid Berserker began the quest for the Orb.
     0 | D:1      | Reached XP level 1. HP: 10/10 MP: 2/2
   527 | D:1      | Reached skill level 1 in Stealth
   527 | D:1      | Reached XP level 2. HP: 2/14 MP: 3/3
  1021 | D:1      | Reached XP level 3. HP: 17/17 MP: 4/4
  2074 | D:2      | Reached ** piety under Trog
  2104 | D:2      | Found a radiant altar of Vehumet.
  2453 | D:3      | Killed from afar by a shadow imp

Vault maps used:
D:1:      roderic_crop_circles_arrival_small, dk_noncrumbling_2,
          roderic_cross_of_infinity
D:2:      old_standard_altar, serial_glass, glass_columns_b, glass_columns_b
D:3:      nicolae_gozag_zags_fifth_avenue, nicolae_overflow_crystal_walls,
          serial_undead, serial_undead_e, serial_undead_e, serial_undead_d,
          serial_undead_f, serial_undead_c, serial_undead_f, uniq_sigmund

Skill      XL: |  1  2  3 |
---------------+----------+-----
Stealth        | 1 2 |  2.3
Fighting       | |  3.5
Dodging        | |  4.5
Unarmed Combat | |  3.5

Action                   || total
-------------------------++-------
Melee: Unarmed           ||   140
       Bite              ||    23
       Punch             ||     4
Invok: Berserk           ||     3
 Stab: Sleeping          ||    10
  Eat: Chunk             ||    13
Armor: Skin              ||     1
Dodge: Dodged            ||    39
